 Dungeon Crawl Stone Soup version 0.28-a0-1524-ge72afd5fc6 (webtiles) character file.

Game seed: 6240050492141061399

16 knot the Chopper (level 2, -1/36 HPs)
             Began as a Demonspawn Berserker on Jan 18, 2022.
             Was a Follower of Trog.
             Slain by a kobold (2 damage)
             ... on level 1 of the Dungeon.
             The game lasted 00:00:30 (1177 turns).

knot the Chopper (Demonspawn Berserker)             Turns: 1177, Time: 00:00:31

Health: -1/36      AC:  2    Str: 17    XL:     2   Next: 37%
Magic:  2/2        EV: 12    Int:  8    God:    Trog [*.....]
Gold:   13         SH:  0    Dex: 12    Spells: 1/1 levels left

rFire   . . .      SeeInvis .   a - +0 hand axe
rCold   . . .      Faith    .   (no shield)
rNeg    . . .      Spirit   .   b - +0 animal skin
rPois   .          Reflect  .   (no helmet)
rElec   .          Harm     .   (no cloak)
rCorr   .          Rampage  .   (no gloves)
Will    .....                   (no boots)
Stlth   ..........              (no amulet)
HPRegen 0.12/turn               (no ring)
MPRegen 0.08/turn               (no ring)

@: berserking, lethally poisoned (-1 -> -13), very quick
A: claws 1
a: Renounce Religion, Berserk


You were on level 1 of the Dungeon.
You worshipped Trog.
Trog was aware of your devotion.
You visited 1 branch of the dungeon, and saw 1 of its levels.

You collected 13 gold pieces.

Inventory:

Hand Weapons
 a - a +0 hand axe (weapon)
Missiles
 e - 5 stones (quivered)
Armour
 b - a +0 animal skin (worn)
Scrolls
 c - 5 scrolls of teleportation {unknown}
Potions
 d - a potion of resistance {unknown}


   Skills:
 - Level 3.0 Fighting
 + Level 3.4 Axes
 - Level 1.7 Armour
 - Level 1.7 Dodging


You had one spell level left.
You didn't know any spells.
Your spell library was empty.

Dungeon Overview and Level Annotations

Branches:
Dungeon (1/15)

Altars:


Innate Abilities, Weirdness & Mutations

You have sharp fingernails.


Message History

Trog accepts your kill.
No target in view!
No target in view!
No target in view!
A kobold comes into view.
It is wielding a +2 short sword of venom.
A kobold is nearby!
A kobold comes into view. It is wielding a +0 short sword.
The kobold shouts!
You closely miss the kobold. The kobold barely misses you.
You barely miss the kobold. You closely miss the kobold. The kobold misses you.
The kobold closely misses you.
You miss the kobold. You hit the kobold.
You kill the kobold!
Trog accepts your kill.
The kobold hits you with a +2 short sword of venom.
You barely miss the kobold.
The kobold hits you with a +2 short sword of venom!
You are lethally poisoned!
You barely miss the kobold.
You feel very sick.
The kobold hits you with a +2 short sword of venom.
* * * LOW HITPOINT WARNING * * *
You are more poisoned.
You are too injured to fight recklessly!
You are too injured to fight recklessly!
Unknown command.
A red film seems to cover your vision as you go berserk!
You feel yourself moving faster!
You feel mighty!
* * * LOW HITPOINT WARNING * * *
You feel very sick. The kobold barely misses you.
You completely miss the kobold.
* * * LOW HITPOINT WARNING * * *
You feel very sick. The kobold closely misses you.
You miss the kobold.
* * * LOW HITPOINT WARNING * * *
You feel very sick.
The kobold hits you with a +2 short sword of venom.
You die...

#########
##.......############ #
#...................# ##
#........##########.###.
#.....K@.# #.#...
#.....)..# #.#...
#........# #.###.
#........# #.....
#.######## #####. #.# #.
### #.############
#######. ..#
####...>..)......
........ #.#
#........##.###########
#..


You could see a kobold.

Vanquished Creatures
  An endoplasm (D:1)
  A giant cockroach (D:1)
  2 jackals (D:1)
  3 kobolds (D:1)
  A ball python (D:1)
  2 bats (D:1)
  3 frilled lizards (D:1)
  2 goblins (D:1)
  2 rats (D:1)
17 creatures vanquished.

Notes
Turn   | Place    | Note
-------+----------+-------------------------------------------
     0 | D:1      | knot the Demonspawn Berserker began the quest for the Orb.
     0 | D:1      | Reached XP level 1. HP: 18/18 MP: 1/1
   660 | D:1      | Gained mutation: You have sharp fingernails. [demonic
                  | ancestry]
   660 | D:1      | Reached XP level 2. HP: 21/24 MP: 2/2
  1033 | D:1      | Found a faded altar of an unknown god.
  1177 | D:1      | HP: 1/36 [poisoned by a kobold]
  1177 | D:1      | Slain by a kobold

Illustrated notes

Levels and vault maps discovered:
D:1:      dpeg_cavernosity, layout_basic,
          shapermc_ecumenical_altar_starsandcircs, amcnicky_mini_pool_small

Skill      XL: |  1 |
---------------+----+-----
Axes           | 3 |  3.4
Fighting       | |  3.0
Armour         | |  1.7
Dodging        | |  1.7

Action                   || total
-------------------------++-------
Melee: Hand axe          ||    53
       Punch             ||     1
Invok: Berserk           ||     2
Armor: Animal skin       ||    20
Dodge: Dodged            ||    30

Table legend: (Time is in decaauts)
 A = Elapsed time spent in this place.
 B = Non-inter-level travel time spent in this place.
 C = Inter-level travel time spent in this place.
 D = Time resting spent in this place.
 E = Time spent auto-exploring this place.
 F = Levels seen in this place.
 G = Mean time per level.
                   A        B        C        D        E       F      G
               +--------+--------+--------+--------+--------+-----+--------+
         Total |   1194 |   1194 |      0 |    371 |    692 |   1 | 1194.0 |
       Dungeon |   1194 |   1194 |      0 |    371 |    692 |   1 | 1194.0 |
               +--------+--------+--------+--------+--------+-----+--------+

Top non-repeatable levels by time:
     D:1: 1194 daAuts
